 Dungeon Crawl Stone Soup version 0.26-b1-32-g5d43845318 (webtiles) character file.

Game seed: 7788012945334087740

41225 inmateoo the Basher (level 14, -1/79 HPs)
             Began as a Gargoyle Gladiator on Jan 8, 2021.
             Was a High Priest of Hepliaklqana.
             Splashed by an acid dragon's acid (17 damage)
             ... summoned by a glowing orange brain
             ... on level 14 of the Dungeon.
             The game lasted 00:20:00 (13959 turns).

inmateoo the Basher (Gargoyle Gladiator)           Turns: 13959, Time: 00:20:00

Health: -1/79      AC: 30    Str: 28      XL:     14   Next: 14%
Magic:  20/20      EV: 10    Int: 13 (16) God:    Hepliaklqana [*****.]
Gold:   775        SH: 12    Dex: 11      Spells: 13/13 levels left

rFire    . . .     SeeInvis .   X - +1 morningstar (protect)
rCold    . . .     Faith    .   p - +0 kite shield
rNeg     + . .     Spirit   .   e - +0 plate armour
rPois    ∞         Reflect  .   i - +0 helmet
rElec    +         Harm     .   k - +0 cloak
rCorr    .         Rampage  .   s - +0 pair of gloves
Will     +....                  g - +1 pair of boots
Stlth    ..........             (no amulet)
HPRegen  0.23/turn              b - +6 ring of strength
MPRegen  0.17/turn              m - +6 ring of intelligence

@: about to teleport, corroded, protection aura
A: reduced essence, big wings, negative energy resistance 1, electricity
resistance, unbreathing, petrification resistance, miasma immunity, AC +10
a: Fly, Renounce Religion, Recall Ancestor, Ancestor Identity, Transference,
Idealise


You were on level 14 of the Dungeon.
You worshipped Hepliaklqana.
Hepliaklqana was extremely pleased with you.
You visited 1 branch of the dungeon, and saw 14 of its levels.

You collected 841 gold pieces.
You spent 66 gold pieces at shops.

Inventory:

Hand Weapons
 F - a +4 war axe of flaming
 X - a +1 morningstar of protection (weapon)
Missiles
 d - 13 throwing nets
 o - 3 curare-tipped darts
Armour
 e - a +0 plate armour (worn)
 g - a +1 pair of boots (worn)
 i - a +0 helmet (worn)
 k - a +0 cloak (worn)
 p - a +0 kite shield (worn)
 s - a +0 pair of gloves (worn)
 E - +0 fire dragon scales
Jewellery
 a - an uncursed ring of flight
 b - a +6 ring of strength (left hand)
 m - a +6 ring of intelligence (right hand)
 x - an uncursed ring of protection from cold
 z - a cursed ring of teleportation {unknown}
 G - an uncursed ring of stealth {unknown}
 Q - an uncursed amulet of magic regeneration {unknown}
 R - a +6 ring of strength
 T - an uncursed ring of stealth {unknown}
 U - an uncursed ring of stealth {unknown}
 Y - the amulet of Hibrawag {Spirit rF+, unknown}
   (You found it on level 14 of the Dungeon)

   [amulet of guardian spirit]

   It causes incoming damage to be split between your health and magic.
   It protects you from fire.
Wands
 j - a wand of polymorph (20)
 l - a wand of random effects (14)
 r - a wand of paralysis (22)
 u - a wand of disintegration (22)
 M - a wand of iceblast (34) (quivered)
Scrolls
 c - 3 scrolls of fog
 f - 11 scrolls of teleportation
 v - 4 scrolls of amnesia
 y - 6 scrolls of remove curse
 H - 11 scrolls of identify
 I - a scroll of enchant armour
 K - a scroll of holy word
 O - 2 scrolls of random uselessness {unknown}
 P - 3 scrolls of fear
 S - 2 scrolls of blinking
 V - 2 scrolls of magic mapping
 W - a scroll of noise {unknown}
Potions
 h - 3 potions of might
 n - 6 potions of curing
 q - 2 potions of lignification
 t - 3 potions of attraction {unknown}
 w - 2 potions of magic {unknown}
 A - a potion of mutation {unknown}
 B - 6 potions of haste {unknown}
 C - 2 potions of brilliance {unknown}
 D - a potion of invisibility
 L - 5 potions of flight {unknown}
 N - 2 potions of cancellation {unknown}
Miscellaneous
 J - a lightning rod (4/4)


   Skills:
 + Level 10.5 Fighting
 * Level 13.3 Maces & Flails
 - Level 2.3 Throwing
 + Level 10.1 Armour
 + Level 8.4 Dodging
 + Level 10.0 Shields
 + Level 9.0 Invocations


You had 13 spell levels left.
You didn't know any spells.
Your spell library contained the following spells:

 Spells                   Type           Power        Failure   Level
 Magic Dart               Conj           0%           99%         1
 Searing Ray              Conj           0%           100%        2
 Dazzling Flash           Conj/Hex       0%           100%        3
 Fulminant Prism          Conj/Hex       0%           100%        4
 Iskenderun's Mystic Bla  Conj/Tloc      0%           100%        4


Dungeon Overview and Level Annotations

Branches:
Dungeon (14/15)            Temple (0/1) D:4            Lair (0/6) D:10
    Orc (0/2) D:10         Vaults (0/5) D:14

Altars:
Ashenzari
Dithmenos
Hepliaklqana
Kikubaaqudgha
Makhleb
Zin
Beogh

Shops:
D:4 !   D:5 *   D:8 (

Annotations:
D:4 2 runed translucent doors


Innate Abilities, Weirdness & Mutations

You are resistant to torment.
Your stone body is resilient. (AC +10)
You are immune to poison.
Your large and strong wings let you fly indefinitely.
You resist negative energy. (rN+)
You are resistant to electric shocks. (rElec)
You can survive without breathing.
You are immune to petrification.
You are immune to miasma.
Your life essence is reduced to manifest your ancestor. (-10% HP)


Message History

You block the acid dragon's attack. The acid dragon barely misses you.
You puncture the acid dragon!
The acid dragon is heavily wounded.
The acid dragon bites you but does no damage.
The acid dragon barely misses you.
You hit the acid dragon but do no damage.
The acid dragon is heavily wounded.
The acid dragon spits acid at you. The splash of acid hits you!
The acid corrodes you!
You are splashed with acid!
* * * LOW HITPOINT WARNING * * *
You barely miss the acid dragon.
The acid dragon is heavily wounded.
The acid dragon barely misses you.
The acid dragon claws you but does no damage.
As you read the scroll of teleportation, it crumbles to dust.
You feel strangely unstable. The acid dragon spits acid at you.
The splash of acid hits you but does no damage.
The acid corrodes you!
You are splashed with acid!
You die...

.....###≈.##..###..##
.......##....## ##..#
........##..## ##.#
.........#..# #.#
.........##.. #.#
......†...##.. ##.#
........#..###. ##..#
###...####..C####..##
≈≈≈### ###GD@...## ##
########


You could see a glowing orange brain, a cyclops (summoned) and an acid dragon
(summoned, catching breath).

Vanquished Creatures
  2 vault guards (D:14)
  3 hydras
  A boulder beetle (D:14)
  2 centaur warriors
  Harold (D:8)
  An ogre mage (D:14)
  3 two-headed ogres
  2 skeletal warriors (D:14)
  A wizard (D:13)
  5 ugly things
  3 cyclopes
  2 gargoyles
  Maggie (D:6)
  A kobold demonologist (D:14)
  A rime drake (shapeshifter) (D:14)
  A queen bee (shapeshifter) (D:10)
  3 trolls
  3 slime creatures (D:14)
  2 hornets
  2 wyverns
  A vampire (D:14)
  3 shadows
  2 wraiths (D:12)
  A human (D:14)
  20 yaks
  4 vampire mosquitoes
  6 orc warriors
  2 ice beasts
  An eye of draining (D:14)
  2 black bears
  5 ogres
  4 sky beasts
  A necrophage (D:7)
  2 centaurs
  2 big kobolds
  3 bullfrogs
  2 wyvern zombies (D:8)
  3 scorpions
  3 howler monkeys
  13 wights
  A bullfrog zombie (D:4)
  4 crimson imps (D:8)
  A quasit (D:9)
  2 centaur zombies
  A jelly (D:11)
  7 hounds
  5 orc wizards
  2 bullfrog skeletons (D:4)
  7 orc priests
  3 iguanas
  5 worker ants
  A hound zombie (D:8)
  A howler monkey zombie (D:10)
  Robin (D:2)
  8 gnolls
  A howler monkey skeleton (D:3)
  10 adders
  2 white imps (D:8)
  2 ufetubi
  An ooze (D:3)
  An adder zombie (D:4)
  An adder skeleton (D:4)
  7 worms
  3 dart slugs
  6 leopard geckos
  42 orcs
  3 ball pythons
  8 giant cockroaches
  12 goblins
  12 hobgoblins
  13 jackals
  4 quokkas
  5 bats
  9 frilled lizards
  A giant cockroach zombie (D:4)
  9 kobolds
  A leopard gecko skeleton (D:4)
  2 leopard gecko zombies (D:4)
  A quokka zombie (D:4)
  7 rats
332 creatures vanquished.

Vanquished Creatures (collateral kills)
  Nessos (D:14)
  Josephine (D:12)
  3 vault guards (D:14)
  A boulder beetle (D:14)
  A centaur warrior (D:11)
  A skeletal warrior (D:14)
  A wizard (D:14)
  An ugly thing (D:10)
  3 cyclopes
  A centaur zombie (D:14)
  2 centaur skeletons
  3 demonic crawlers (D:14)
  A tengu conjurer (D:14)
  A troll (D:14)
  2 hornets
  3 slime creatures (D:14)
  A vampire (D:14)
  3 yaks
  5 wraiths
  An acid dragon (D:12)
  8 orc warriors
  2 sky beasts
  A black bear (D:12)
  2 ogres (D:11)
  3 centaurs
  3 bullfrogs
  A wyvern zombie (D:11)
  4 wights
  A howler monkey (D:5)
  3 crimson imps (D:8)
  A bullfrog zombie (D:7)
  5 orc priests
  5 hounds
  12 orc wizards
  A bullfrog skeleton (D:12)
  A gnoll shaman (D:7)
  2 worker ants (D:9)
  A hound skeleton (D:9)
  5 gnolls
  A howler monkey skeleton (D:11)
  4 adders
  A white imp (D:9)
  An ufetubus (D:10)
  A worm (D:6)
  A leopard gecko (D:8)
  27 orcs
  2 giant cockroaches (D:4)
  8 jackals
  A kobold (D:10)
144 creatures vanquished.

Vanquished Creatures (others)
  3 ancestors (D:4)
  19 battlemagi
  A withered plant (D:4)
23 creatures vanquished.

Grand Total: 499 creatures vanquished

Notes
Turn   | Place    | Note
-------+----------+-------------------------------------------
     0 | D:1      | inmateoo the Gargoyle Gladiator began the quest for the
                  | Orb.
     0 | D:1      | Reached XP level 1. HP: 12/12 MP: 1/1
   101 | D:1      | Reached XP level 2. HP: 18/18 MP: 2/2
   793 | D:2      | Reached XP level 3. HP: 22/22 MP: 3/3
   937 | D:2      | Noticed Robin
   966 | D:2      | Killed Robin
  1186 | D:2      | Reached XP level 4. HP: 27/27 MP: 4/4
  1444 | D:2      | Reached skill level 4 in Maces & Flails
  1705 | D:3      | Reached XP level 5. HP: 32/32 MP: 5/5
  1711 | D:3      | Noticed an orc warrior
  1726 | D:3      | Killed an orc warrior
  1727 | D:3      | Reached skill level 1 in Armour
  1727 | D:3      | Reached skill level 1 in Shields
  1870 | D:3      | Reached XP level 6. HP: 36/37 MP: 6/6
  2223 | D:3      | Found a hazy altar of Hepliaklqana.
  2269 | D:3      | Found a burning altar of Makhleb.
  2438 | D:3      | Became a worshipper of Hepliaklqana the Forgotten
  2539 | D:4      | Found a staircase to the Ecumenical Temple.
  2550 | D:4      | Reached skill level 5 in Maces & Flails
  2605 | D:4      | Found a large runed translucent door.
  2608 | D:4      | Found a large runed translucent door.
  2608 | D:4      | Found a large runed translucent door.
  2722 | D:4      | Found Zoem's Distillery.
  2824 | D:4      | Reached XP level 7. HP: 28/37 MP: 7/7
  3552 | D:4      | Found a large runed translucent door.
  3660 | D:4      | Noticed a hornet
  3673 | D:4      | Killed a hornet
  3674 | D:4      | Reached skill level 6 in Maces & Flails
  3674 | D:4      | Reached XP level 8. HP: 43/43 MP: 8/8
  4182 | D:5      | Entered Level 5 of the Dungeon
  4198 | D:5      | Reached * piety under Hepliaklqana
  4208 | D:5      | Found Neit's Assorted Antiques.
  4219 | D:5      | Bought a scroll labelled NEFIANELUO for 24 gold pieces
  4219 | D:5      | Bought a glowing red potion for 21 gold pieces
  4219 | D:5      | Bought an orange potion for 21 gold pieces
  4394 | D:5      | Reached skill level 5 in Fighting
  4459 | D:5      | Found a broken altar of Ashenzari.
  5037 | D:6      | Paralysed by a centaur for 6 turns
  5047 | D:6      | Reached skill level 7 in Maces & Flails
  5138 | D:6      | Reached ** piety under Hepliaklqana
  5139 | D:6      | Remembered your ancestor V1lat as a battlemage
  5141 | D:6      | Noticed Maggie
  5167 | D:6      | Killed Maggie
  5168 | D:6      | Reached XP level 9. HP: 44/48 MP: 9/9
  5315 | D:7      | You fall into a shaft and drop 2 floors!
  5487 | D:9      | Reached skill level 1 in Invocations
  5487 | D:9      | Found an ancient bone altar of Kikubaaqudgha.
  5785 | D:9      | Got a brightly glowing hand axe
  5787 | D:9      | Identified the +9 hand axe "Orirell" {pain, +Inv rC+ Int+2
                  | Dex-5} (You found it on level 9 of the Dungeon)
  5863 | D:9      | Found a runed translucent door.
  5883 | D:9      | Reached skill level 8 in Maces & Flails
  5896 | D:9      | Reached skill level 5 in Armour
  6043 | D:9      | Found a roughly hewn altar of Beogh.
  6104 | D:8      | Reached skill level 5 in Dodging
  6104 | D:8      | Reached skill level 5 in Shields
  6200 | D:8      | Noticed Harold
  6217 | D:8      | Killed Harold
  6218 | D:8      | Reached XP level 10. HP: 44/54 MP: 10/12
  6512 | D:8      | Found Hohuok's Antique Weapon Emporium.
  6581 | D:8      | Reached skill level 9 in Maces & Flails
  6614 | D:8      | Reached *** piety under Hepliaklqana
  7080 | D:7      | Found a glowing silver altar of Zin.
  7296 | D:7      | You fall into a shaft and drop 3 floors!
  7296 | D:10     | Entered Level 10 of the Dungeon
  7577 | D:10     | Noticed a gargoyle
  7582 | D:10     | Killed a gargoyle
  7751 | D:10     | Noticed a purple ugly thing
  7758 | D:10     | Killed a purple ugly thing
  7769 | D:10     | Reached XP level 11. HP: 60/60 MP: 14/14
  7793 | D:10     | Noticed a cyclops
  7813 | D:10     | Killed a cyclops
  7814 | D:10     | Reached skill level 10 in Maces & Flails
  7943 | D:10     | Reached skill level 5 in Invocations
  8130 | D:10     | Found a staircase to the Lair.
  8378 | D:10     | Reached **** piety under Hepliaklqana
  8448 | D:10     | Found a staircase to the Orcish Mines.
  8719 | D:7      | Found a shadowy altar of Dithmenos.
  8936 | D:11     | Noticed a centaur warrior
  8946 | D:11     | Killed a centaur warrior
  9147 | D:11     | Noticed a cyan ugly thing
  9173 | D:11     | Killed a cyan ugly thing
  9378 | D:11     | Noticed Josephine
  9379 | D:11     | Noticed a cyclops
  9379 | D:11     | Noticed a two-headed ogre
  9391 | D:13     | Noticed a two-headed ogre
  9406 | D:13     | Killed a two-headed ogre
  9583 | D:12     | Reached skill level 11 in Maces & Flails
  9583 | D:12     | Reached XP level 12. HP: 67/67 MP: 16/16
  9608 | D:12     | Killed a two-headed ogre
  9612 | D:12     | Killed Josephine
  9934 | D:12     | Noticed a seven-headed hydra
 10462 | D:12     | Noticed a five-headed hydra
 10481 | D:12     | Killed a two-headed hydra
 10733 | D:12     | Killed a three-headed hydra
 11276 | D:13     | Noticed a six-headed hydra
 11310 | D:13     | Killed a two-headed hydra
 11576 | D:13     | Noticed a centaur warrior
 11592 | D:13     | Killed a centaur warrior
 11593 | D:13     | Reached skill level 12 in Maces & Flails
 11805 | D:13     | You fall into a shaft and drop 1 floor!
 11812 | D:14     | Reached XP level 13. HP: 60/72 MP: 15/18
 11850 | D:14     | Noticed Nessos
 11859 | D:14     | Killed Nessos
 11963 | D:14     | Reached ***** piety under Hepliaklqana
 12188 | D:14     | Reached skill level 10 in Fighting
 12659 | D:14     | Paralysed by a wizard for 4 turns
 12927 | D:14     | Noticed a vault guard
 12991 | D:14     | Noticed a vault guard
 13019 | D:14     | Killed a vault guard
 13020 | D:14     | Reached skill level 13 in Maces & Flails
 13105 | D:14     | Killed a vault guard
 13200 | D:14     | Noticed a vault guard
 13203 | D:14     | Noticed a vault guard
 13216 | D:14     | Killed a vault guard
 13217 | D:14     | Noticed a vault guard
 13231 | D:14     | Killed a vault guard
 13232 | D:14     | Gained mutation: Your large and strong wings let you fly
                  | indefinitely. [Gargoyle growth]
 13232 | D:14     | Reached XP level 14. HP: 70/79 MP: 20/20
 13367 | D:14     | Reached skill level 10 in Armour
 13378 | D:14     | Found a gate to the Vaults.
 13682 | D:14     | Got a faintly glowing brass amulet
 13776 | D:14     | Reached skill level 10 in Shields
 13959 | D:14     | Splashed by an acid dragon's acid

Illustrated notes

Levels and vault maps discovered:
D:1:      dpeg_arrival_orchard, layout_basic, minmay_misc_feat_rows
D:2:      minmay_diamond_boxcup, layout_basic, minmay_circle_x, uniq_robin
D:3:      layout_loops_ring, nzn_hepliaklqana_mist_gate,
          makhleb_heckhound_becter
D:4:      layout_basic, temple_statues, serial_shops, nicolae_shop_statue_plus,
          serial_undead, serial_undead_f, serial_undead_a, serial_undead_a,
          serial_undead_a, roderic_lattice_a, minmay_hollow_rounded_squares
D:5:      layout_cave_pools, ashenzari_conservatory_becter, serial_shops,
          nicolae_shop_statue_plus, minivault_26
D:6:      layout_basic, uniq_maggie
D:7:      layout_cave_pools, zin_statuary, grunt_dithmenos_smoke_and_mirrors,
          st_stairs_10
D:8:      layout_basic, serial_shops, shop, minmay_nine_imps, uniq_harold
D:9:      layout_rooms, lemuel_crystal_altar, lightli_church_of_beogh
D:10:     layout_long_grid, lair_entry_dummy, david_orc_4, minivault_10,
          kb_rosetta
D:11:     layout_basic, uniq_josephine
D:12:     layout_roguey
D:13:     layout_loops_cross, drop_trap
D:14:     cheibrodos_hippocracy, layout_long_grid, grunt_vaults_entry_fortified,
          minmay_staircase_statues_hall_large, uniq_nessos

Skill      XL: |  1  2  3  4  5  6  7  8  9 10 11 12 13 14 |
---------------+-------------------------------------------+-----
Throwing       | 2 |  2.3
Fighting       | 3 4 5 6 7 8 9 10 | 10.5
Maces & Flails | 4 5 6 7 8 9 11 12 13 | 13.3
Dodging        | 3 4 5 6 7 8 |  8.4
Armour         | 1 2 3 4 5 6 7 8 9 10 | 10.1
Shields        | 1 2 3 4 5 6 7 8 9 10 | 10.0
Invocations    | 3 4 6 7 8 9 |  9.0

Action                   |  1- 3 |  4- 6 |  7- 9 | 10-12 | 13-15 || total
-------------------------+-------+-------+-------+-------+-------++-------
Melee: Flail             |   106 |   261 |   223 |   685 |       ||  1275
       Hand axe          |       |       |    19 |       |       ||    19
       Morningstar       |       |       |       |    68 |   274 ||   342
       War axe           |       |       |       |    11 |       ||    11
Throw: Dart              |       |     1 |     6 |     1 |       ||     8
Invok: Recall Ancestor   |       |       |     3 |     5 |       ||     8
       Ancestor Life: Ba |       |       |     1 |       |       ||     1
       Ancestor Identity |       |       |     1 |       |       ||     1
Evoke: Wand              |       |       |     1 |     2 |     2 ||     5
       Lightning rod     |       |       |       |     4 |       ||     4
  Use: Scroll            |     7 |     3 |     2 |     4 |     1 ||    17
       Potion            |       |       |       |     1 |       ||     1
 Stab: Distracted        |       |       |       |     6 |     2 ||     8
       Paralysed         |       |       |       |     8 |    10 ||    18
Armor: Plate armour      |   111 |   165 |   133 |   428 |   141 ||   978
Dodge: Dodged            |    39 |    74 |    62 |   207 |   102 ||   484
Block: Kite shield       |       |   116 |   118 |   427 |   136 ||   797
